AoeStats
← rfx

Black Forest

508670780Analyzed
2v2 RM · 8d ago on Sep 23, 2026· 63m 8s· 4 players
Game mode
Random Map
Map size
Medium (4 player)
Population
200
Speed
Normal
Resources
Standard
Victory
Conquest
Starting age
Dark Age
Ending age
Imperial Age
RankedLock teamsTeams togetherTeam positionsShared explorationLock speedFull tech treeHidden civsTurbo modeCheats
Victory
Defeat
🇷🇴 Berbers · Romania
723
+17
🇷🇴 Khmer · Romania
703
+17
🇵🇱 Teutons · Poland
743
-17
🇵🇱 Celts · Poland
735
-17
Serget Alupigus
9:55 Feudal Age
10:27 Double-Bit Axe
10:24 Horse Collar
17:14 Gold Mining
17:16 Stone Mining
19:34 Wheelbarrow
21:49 Castle Age
23:08 Bow Saw
23:00 Heavy Plow
23:20 Hand Cart
25:10 Stone Shaft Mining
25:55 Gold Shaft Mining
33:33 Caravan
38:30 Imperial Age
37:11 Tusk Swords
39:47 Crop Rotation
41:05 Forging
41:01 Scale Barding Armor
40:57 Scale Mail Armor
40:57 Padded Archer Armor
40:48 Fletching
41:28 Conscription
42:20 Chemistry
41:11 Heated Shot
42:34 Murder Holes
43:02 Double Crossbow
44:28 Elite Ballista Elephant
47:09 Cavalier
48:11 Elite Battle Elephant
rfx
5:06 Loom
11:12 Feudal Age
11:57 Double-Bit Axe
15:09 Town Watch
15:54 Horse Collar
18:05 Wheelbarrow
19:30 Gold Mining
21:25 Fletching
21:38 Padded Archer Armor
21:46 Scale Barding Armor
21:54 Forging
21:48 Scale Mail Armor
23:58 Castle Age
22:07 Stone Mining
22:20 Fletching
23:53 Bloodlines
25:18 Caravan
25:15 Light Cavalry
25:55 Husbandry
26:18 Bow Saw
27:20 Gold Shaft Mining
27:43 Heavy Plow
30:06 Hand Cart
29:53 Town Patrol
30:46 Stone Shaft Mining
30:35 Thumb Ring
34:23 Bodkin Arrow
36:27 Iron Casting
36:07 Chain Mail Armor
36:12 Chain Barding Armor
36:09 Leather Archer Armor
37:19 Ballistics
36:41 Treadmill Crane
37:12 Masonry
37:08 Kasbah
42:15 Imperial Age
41:27 Chain Mail Armor
41:46 Coinage
42:20 Murder Holes
42:13 Pikeman
42:13 Man-at-Arms
42:54 Squires
42:39 Arson
43:54 Bracer
44:24 Ring Archer Armor
44:30 Plate Barding Armor
44:56 Blast Furnace
45:13 Heavy Cavalry Archer
45:13 Elite Genitour
45:56 Heavy Camel Rider
47:39 Hussar
48:59 Conscription
55:06 Elite Camel Archer
55:47 Maghrebi Camels
56:32 Cavalier
56:41 Elite Camel Archer
57:58 Hoardings
59:13 Redemption
Kubenko
12:51 Feudal Age
13:04 Loom
14:00 Double-Bit Axe
19:37 Castle Age
18:15 Horse Collar
18:25 Gold Mining
22:43 Town Watch
23:12 Bow Saw
22:41 Man-at-Arms
23:11 Gambesons
26:53 Long Swordsman
30:18 Heavy Plow
31:01 Gold Shaft Mining
33:30 Imperial Age
32:02 Town Patrol
32:42 Wheelbarrow
32:58 Stronghold
34:58 Conscription
36:06 Onager
37:54 Forging
37:45 Scale Mail Armor
38:17 Siege Onager
39:54 Iron Casting
39:35 Chain Mail Armor
40:12 Elite Woad Raider
54:44 Fletching
54:55 Padded Archer Armor
55:54 Hoardings
55:25 Elite Skirmisher
56:47 Bodkin Arrow
57:08 Leather Archer Armor
Deemo
7:56 Loom
10:27 Feudal Age
12:26 Horse Collar
12:40 Double-Bit Axe
14:29 Man-at-Arms
17:10 Town Watch
19:04 Gold Mining
19:06 Stone Mining
21:50 Castle Age
21:37 Forging
22:04 Scale Mail Armor
22:45 Squires
23:09 Bow Saw
23:38 Stone Shaft Mining
24:25 Bloodlines
24:45 Heavy Plow
27:38 Iron Casting
27:20 Chain Mail Armor
30:59 Ironclad
34:17 Scale Barding Armor
36:08 Fortified Wall
38:38 Imperial Age
36:34 Masonry
38:11 Chain Barding Armor
39:50 Crenellations
40:02 Elite Teutonic Knight
46:54 Siege Engineers
52:33 Blast Furnace
52:05 Plate Mail Armor
52:15 Capped Ram
Connection lost

Rejoining the realm…

Still unreachable

The connection could not be restored.

Session expired

The server has moved on; the page needs a fresh start.